 Dungeon Crawl Stone Soup version 0.24.0-123-gd5b16e6ec5 (webtiles) character file.

Game seed: 17831619714785985391, levelgen mode: deterministic

396 Kobolds4U the Destroyer (level 6, -9/51 HPs)
             Began as a Deep Elf Conjurer on Dec 21, 2019.
             Was an Initiate of Vehumet.
             Mangled by a crimson imp
             ... wielding a +0 dagger of chaos
              (18 damage)
             ... on level 4 of the Dungeon.
             The game lasted 00:11:57 (5400 turns).

Kobolds4U the Destroyer (Deep Elf Conjurer)         Turns: 5400, Time: 00:11:57

Health: -9/51      AC: 23    Str:  7    XL:     6   Next: 52%
Magic:  2/12       EV:  2    Int: 20    God:    Vehumet [......]
Gold:   104        SH:  0    Dex: 15    Spells: 5/11 levels left

rFire    + . .     SeeInvis .   f - +0 dagger
rCold    . . .     Gourm    .   (no shield)
rNeg     + + +     Faith    .   (armour currently unavailable)
rPois    +         Spirit   .   (helmet currently unavailable)
rElec    .         Reflect  .   (cloak currently unavailable)
rCorr    .         Harm     .   (gloves currently unavailable)
MR       .....     NoTele   +   (boots currently unavailable)
Stlth    ++........             (no amulet)
HPRegen  0.17/turn              j - ring of protection from fire
MPRegen  0.13/turn              (no ring)

@: tree-form, hasted, very quick
A: no striking features
a: Renounce Religion


You were on level 4 of the Dungeon.
You worshipped Vehumet.
Vehumet was noncommittal.
You were hungry.
You were a tree.
You visited 1 branch of the dungeon, and saw 4 of its levels.

You collected 104 gold pieces.

Inventory:

Hand Weapons
 f - a +0 dagger (weapon)
Armour
 a - a +0 robe
 p - a +0 helmet (melded)
 r - a cursed +0 robe (melded)
Jewellery
 j - a ring of protection from fire (left branch)
 l - an uncursed ring of fire
Wands
 y - a wand of paralysis (9)
Scrolls
 b - 3 scrolls of identify {unknown}
 d - 2 scrolls of teleportation {unknown}
 g - a scroll of immolation {unknown}
 i - a scroll of enchant armour {unknown}
 m - 2 scrolls of remove curse {unknown}
 o - 2 scrolls of magic mapping {unknown}
 u - a scroll of amnesia {unknown}
 v - a scroll of noise {unknown}
Potions
 e - a potion of might
 k - a potion of magic {unknown}
 s - a potion of agility
 t - a potion of degeneration {unknown}
 x - a potion of brilliance
Comestibles
 c - 5 rations
 n - 2 chunks of flesh


   Skills:
 + Level 1.5 Fighting
 - Level 2.4 Dodging
 - Level 2.4 Stealth
 - Level 3.0 Spellcasting
 + Level 8.3 Conjurations


You had 5 spell levels left.
You knew the following spells:

 Your Spells              Type           Power        Failure   Level  Hunger
a - Magic Dart            Conj           ####         1%          1    None
b - Searing Ray           Conj           #####.       1%          2    ##.....
c - Dazzling Spray        Conj/Hex       ###...       8%          3    ###....

Your spell library contained the following spells:

 Spells                   Type           Power        Failure   Level  Hunger
 Iskenderun's Mystic Bla  Conj           #####...     4%          4    ####...
 Force Lance              Conj/Tloc      ###.....     26%         4    ####...
 Fulminant Prism          Conj/Hex       ###.......   26%         4    ####...


Dungeon Overview and Level Annotations

Branches:
Dungeon (4/15)
 Temple: D:4-7

Altars:
Dithmenos
Sif Muna
Vehumet
Yredelemnul

Annotations:
D:2 1 runed translucent door, Crazy Yiuf


Message History

The crimson imp blinks!
Casting: Magic Dart (safe; 1% risk of failure)
Confirm with . or Enter, or press ? or * to list all spells.
You don't know that spell.
Casting: Magic Dart (safe; 1% risk of failure)
Confirm with . or Enter, or press ? or * to list all spells.
You don't have enough magic to cast that spell.
You closely miss the crimson imp.
The crimson imp hits you but does no damage.
You feel yourself speed up.
You hit the crimson imp but do no damage.
The crimson imp hits you but does no damage.
You closely miss the crimson imp.
The crimson imp hits you but does no damage.
You hit the crimson imp but do no damage.
You hit the crimson imp.
The crimson imp is lightly wounded.
The crimson imp hits you but does no damage.
You are electrocuted!!
You die...

### #♣# #5#
#.################
#.................
#..###############
#### #..# . ...
#..# # #.####..# #
#.......# #.


You could see a crimson imp.

Vanquished Creatures
  A howler monkey (D:4)
  A crimson imp (D:2)
  A hound (D:2)
  An orc wizard (D:2)
  An orc priest (D:3)
  3 worker ants (D:4)
  Robin (D:2)
  4 adders
  An ooze (D:3)
  3 worms
  A dart slug (D:2)
  A leopard gecko (D:3)
  10 orcs
  4 ball pythons
  3 giant cockroaches (D:1)
  12 goblins
  14 hobgoblins
  4 jackals (D:2)
  6 kobolds
  A quokka (D:3)
  8 bats
  4 frilled lizards
  10 rats
95 creatures vanquished.

Notes
Turn   | Place    | Note
-------+----------+-------------------------------------------
     0 | D:1      | Kobolds4U the Deep Elf Conjurer began the quest for the
                  | Orb.
     0 | D:1      | Reached XP level 1. HP: 10/10 MP: 6/6
   307 | D:1      | Reached XP level 2. HP: 15/15 MP: 4/8
   313 | D:1      | Learned a level 2 spell: Searing Ray
   313 | D:1      | Reached skill level 5 in Conjurations
  1153 | D:2      | Reached XP level 3. HP: 19/19 MP: 1/9
  1160 | D:2      | Learned a level 3 spell: Dazzling Spray
  1410 | D:2      | Noticed Robin
  1457 | D:2      | Killed Robin
  1457 | D:2      | Reached skill level 6 in Conjurations
  1506 | D:2      | Reached XP level 4. HP: 12/24 MP: 1/10
  2197 | D:2      | Found a basalt altar of Yredelemnul.
  2293 | D:2      | Reached skill level 7 in Conjurations
  2293 | D:2      | Reached XP level 5. HP: 22/28 MP: 6/11
  2367 | D:2      | Found a shimmering blue altar of Sif Muna.
  2529 | D:2      | Found a runed translucent door.
  2530 | D:2      | Noticed Crazy Yiuf
  4098 | D:3      | Found a radiant altar of Vehumet.
  4270 | D:3      | Became a worshipper of Vehumet
  4791 | D:3      | Reached skill level 8 in Conjurations
  4791 | D:3      | Reached XP level 6. HP: 33/33 MP: 2/12
  5298 | D:4      | Found a shadowy altar of Dithmenos.
  5335 | D:4      | Reached skill level 1 in Fighting
  5375 | D:4      | HP: 1/34 [poisoned by a worker ant]
  5400 | D:4      | Mangled by a crimson imp

Levels and vault maps discovered:
D:1:      lemuel_arrival_rhombus, layout_loops_ring
D:2:      minmay_diamond_boxcup, layout_loops_ring, marbit_many_paths,
          lemuel_crystal_altar, first_ration, uniq_robin,
          uniq_crazy_yiuf_cottage
D:3:      layout_basic, fiery_altar_vehumet
D:4:      layout_basic, led_xom_imps, minmay_temple_entry_slanted,
          grunt_dithmenos_smoke_and_mirrors

Skill      XL: |  1  2  3  4  5  6 |
---------------+-------------------+-----
Conjurations   | 5 6 7 8 |  8.3
Fighting       | 1 |  1.5
Dodging        | |  2.4
Stealth        | |  2.4
Spellcasting   | |  3.0

Action                   |  1- 3 |  4- 6 || total
-------------------------+-------+-------++-------
Melee: Dagger            |    13 |    31 ||    44
 Cast: Magic Dart        |    77 |   101 ||   178
       Searing Ray       |     2 |    12 ||    14
       Dazzling Spray    |       |     8 ||     8
  Use: Potion            |       |     6 ||     6
 Stab: Sleeping          |       |     3 ||     3
       Invisible         |       |     2 ||     2
  Eat: Chunk             |     1 |    13 ||    14
Armor: Robe              |     4 |     7 ||    11
       Skin              |       |     6 ||     6
Dodge: Dodged            |    14 |    45 ||    59
